 Dungeon Crawl Stone Soup version 0.31-a0-986-g5e6e4ef867 (webtiles) character file.

Game seed: 14404030003395998859

9 Demosthentine the Poker (level 2, 0/22 HPs)
             Began as a Demonspawn Gladiator on Nov 8, 2023.
             Killed from afar by Natasha (5 damage)
             ... with a magic dart
             ... on level 2 of the Dungeon.
             The game lasted 00:00:34 (797 turns).

Demosthentine the Poker (Demonspawn Gladiator)       Turns: 797, Time: 00:00:35

Health: 0/22       AC:  4    Str: 14    XL:     2   Next: 3%
Magic:  2/2        EV: 12    Int:  9    God:
Gold:   23         SH:  0    Dex: 14    Spells: 1/1 levels left

rFire   . . .        a - +1 trident
rCold   . . .        (no shield)
rNeg    . . .        b - +0 leather armour
rPois   .            c - +0 helmet
rElec   .            (no cloak)
rCorr   .            (no gloves)
SInv    .            (no boots)
Will    .....        (no amulet)
Stlth   +            (no ring)
HPRegen 0.23/turn    (no ring)
MPRegen 0.16/turn

%: no passive effects
@: no status effects
A: magic regeneration
a: no special abilities


You were on level 2 of the Dungeon.
You visited 1 branch of the dungeon, and saw 2 of its levels.

You collected 23 gold pieces.

Inventory:

Hand Weapons
 a - a +1 trident (weapon)
Missiles
 d - 3 throwing nets (quivered)
 e - a javelin
Armour
 b - a +0 leather armour (worn)
 c - a +0 helmet (worn)
Jewellery
 f - a +6 ring of intelligence
Potions
 g - a potion of magic
 l - a potion of attraction {unknown}
 m - 2 potions of degeneration {unknown}


   Skills:
 + Level 2.2 Fighting
 + Level 2.8 Polearms
 - Level 1.7 Throwing
 + Level 0.5 Armour
 + Level 2.8 Dodging


You had one spell level left.
You didn't know any spells.
Your spell library was empty.

Dungeon Overview and Level Annotations

Branches:
Dungeon (2/15)

Altars:

Annotations:
D:2 Natasha


Innate Abilities, Weirdness & Mutations

You regenerate magic rapidly.


Message History

You reach to attack!
You hit the cerulean imp but do no damage.
The cerulean imp is severely wounded.
The cerulean imp hits you but does no damage.
The cerulean imp barely misses you.
You reach to attack!
You hit the cerulean imp.
You kill the cerulean imp!
The cerulean imp disappears in a puff of smoke!
You reach to attack!
You barely miss Natasha.
The cerulean imp disappears in a puff of smoke!
Natasha closely misses you.
You hit Natasha.
Natasha is lightly wounded.
Natasha claws you.
You are too injured to fight recklessly!
You are too injured to fight recklessly!
You are too injured to fight recklessly!
You are too injured to fight recklessly!
You puncture Natasha!
Natasha is severely wounded.
Natasha claws you but does no damage.
You miss Natasha.
Natasha is severely wounded.
Natasha barely misses you.
You closely miss Natasha.
Natasha is severely wounded.
Natasha claws you but does no damage.
You barely miss Natasha.
Natasha is severely wounded.
Natasha claws you but does no damage.
You closely miss Natasha.
Natasha is severely wounded.
Natasha closely misses you. Natasha claws you!
* * * LOW HITPOINT WARNING * * *
You hit Natasha.
Natasha is almost dead.
Natasha stares at you and mumbles some strange words.
The magic dart hits you.
You die...
Natasha begins licking her fur clean.

#.............#
..###...#####.# ##.##
#.# #.####.## #.#
#.......# #.#
#.#####.# #.# #.# #.#
#.# #h# #†# #@#
..#####.#####.#####.
....................#
.######.#..........$#
#.###########.# #.#
#.# #.# ..#


You could see Natasha.

Vanquished Creatures
  An endoplasm (D:1)
  A goblin (D:1)
  2 hobgoblins
  2 jackals (D:1)
  A frilled lizard (D:1)
7 creatures vanquished.

Notes
Turn   | Place    | Note
-------+----------+-------------------------------------------
     0 | D:1      | Demosthentine the Demonspawn Gladiator began the quest for
                  | the Orb.
     0 | D:1      | Reached XP level 1. HP: 16/16 MP: 1/1
   751 | D:2      | Gained mutation: You regenerate magic rapidly. [demonic
                  | ancestry]
   751 | D:2      | Reached XP level 2. HP: 17/22 MP: 2/2
   776 | D:2      | Noticed Natasha
   797 | D:2      | Killed from afar by Natasha

Illustrated notes

Levels and vault maps discovered:
D:1:      lemuel_arrival_cross, layout_loops_cross, roderic_lattice_a,
          nicolae_kite_square_tiling_tiny
D:2:      layout_loops_ring, ebering_ecumenical_altar_sacrificial, basic_altar,
          minmay_misc_feat_roman, uniq_natasha

Action                     || total
---------------------------++-------
  Melee: Trident           ||    43
    Use: Scroll            ||     5
 Armour: Leather armour    ||    27
  Dodge: Dodged            ||    15

Table legend: (Time is in decaauts)
 A = Elapsed time spent in this place.
 B = Non-inter-level travel time spent in this place.
 C = Inter-level travel time spent in this place.
 D = Time resting spent in this place.
 E = Time spent auto-exploring this place.
 F = Levels seen in this place.
 G = Mean time per level.
                   A        B        C        D        E       F      G
               +--------+--------+--------+--------+--------+-----+--------+
         Total |    803 |    782 |     21 |     32 |    651 |   2 |  401.5 |
       Dungeon |    803 |    782 |     21 |     32 |    651 |   2 |  401.5 |
               +--------+--------+--------+--------+--------+-----+--------+

Top non-repeatable levels by time:
     D:1: 738 daAuts
     D:2: 65 daAuts
